 Dungeon Sprint DCSS version 0.22.1-2-g9c5b331383 (webtiles) character file.

19520 Groucho the Unseen (level 12, -1/70 HPs)
             Began as a Spriggan Enchanter on Nov 13, 2018.
             Was the Champion of Dithmenos.
             Killed from afar by a fire giant (40 damage)
             ... with a fireball
             ... in the Dungeon (Sprint I: "Red Sonja").
             The game lasted 00:21:18 (3093 turns).

Groucho the Unseen (Spriggan Enchanter)             Turns: 3093, Time: 00:21:19

Health: -1/70      AC:  3    Str:  8    XL:     12   Next: 37%
Magic:  2/31       EV: 33    Int: 17    God:    Dithmenos [******]
Gold:   1084       SH:  0    Dex: 17    Spells: 11/39 levels left

rFire    . . .     SeeInvis +   a - +1 dagger
rCold    . . .     Gourm    .   (shield restricted)
rNeg     . . .     Faith    .   k - +0 robe "Xawopima" {MR+}
rPois    .         Spirit   .   (helmet restricted)
rElec    .         Reflect  .   n - +0 cloak
rCorr    +         Harm     .   (gloves unavailable)
MR       +++..     NoTele   +   (boots unavailable)
Stlth    ++++++++++             (no amulet)
HPRegen  0.21/turn              r - ring of resist corrosion
MPRegen  0.22/turn              (no ring)

@: very slightly contaminated, wreathed by umbra, very quick
A: very small, unfitting armour, see invisible, herbivore, speed 3, slow
metabolism 2
a: Shadow Step, Shadow Form, Renounce Religion


You were in the Dungeon.
You worshipped Dithmenos.
Dithmenos was exalted by your worship.
You were not hungry.

You visited 1 branch You collected 2740 gold pieces.
You spent 1656 gold pieces at shops.

Inventory:

Hand Weapons
 a - a +1 dagger (weapon)
 o - a +0 blowgun
Missiles
 p - 4 curare-tipped needles
 u - 19 stones (quivered)
Armour
 b - a +0 robe
 k - the +0 robe "Xawopima" (worn) {MR+}
   (You bought it in a shop in the Dungeon)

   It affects your resistance to hostile enchantments.
 n - a +0 cloak (worn)
 v - a +0 buckler
Jewellery
 r - a ring of resist corrosion (left hand)
Wands
 l - a wand of acid (8)
Scrolls
 c - 2 scrolls of magic mapping {unknown}
 i - 3 scrolls of identify
 j - a scroll of amnesia {unknown}
 q - a scroll of holy word {unknown}
Potions
 e - 4 potions of curing
 g - a potion of haste
 h - 2 potions of magic
 m - a potion of invisibility {unknown}
 t - a potion of resistance {unknown}
Comestibles
 s - a ration


   Skills:
 * Level 11.2 Fighting
 * Level 13.2 Short Blades
 * Level 17.8 Dodging
 - Level 20.8 Stealth
 - Level 14.0 Spellcasting
 - Level 15.8 Hexes
 * Level 7.2 Transmutations


You had 11 spell levels left.
You knew the following spells:

 Your Spells              Type           Power        Failure   Level  Hunger
a - Corona                Hex            ######.      0%          1    None
b - Ensorcelled Hibernat  Hex/Ice        #####.       1%          2    None
c - Confuse               Hex            ######..     1%          3    None
d - Dazzling Spray        Conj/Hex       #####.       1%          3    None
e - Tukima's Dance        Hex            ######..     1%          3    None
f - Beastly Appendage     Tmut           #####.       1%          1    None
g - Spider Form           Tmut/Pois      ###.......   3%          3    None
h - Ice Form              Ice/Tmut       ###.....     13%         4    #......
i - Passwall              Tmut/Erth      ###.....     1%          2    None
j - Invisibility          Hex            ######..     1%          6    ######.

Your spell library contained the following spells:

 Spells                   Type           Power        Failure   Level  Hunger
 Sticks to Snakes         Tmut           #####...     1%          2    None
 Darkness                 Hex            ######....   1%          6    ######.
 Blade Hands              Tmut           #####.....   8%          5    ####...
 Swiftness                Chrm/Air       ##......     9%          2    None
 Passage of Golubria      Tloc           N/A          50%         4    #......
 Lee's Rapid Deconstruct  Erth           ##........   83%         5    ####...


Dungeon Overview and Level Annotations

Branches:
Dungeon (1/1)

Altars:
Cheibriados
Dithmenos
Elyvilon
Fedhas
Gozag
Hepliaklqana
Kikubaaqudgha
Makhleb
Nemelex Xobeh
Okawaru
Qazlal
Ru
Sif Muna
Trog
Uskayaw
Vehumet
Wu Jian
Xom
Yredelemnul
Zin
The Shining One
Jiyva
Lugonu

Shops:
D ?=*(?[?:(%[}:[([?:


Innate Abilities, Weirdness & Mutations

You are very small and have problems with some larger weapons.
You are too small for most types of armour.
You have supernaturally acute eyesight. (SInv)
You are a herbivore.
You cover ground extremely quickly.
You need to consume almost no food.


Message History

The shadow shard hits the fire giant.
The fire giant closely misses you.
Casting: Dazzling Spray (safe; 1% risk of failure)
Confirm with . or Enter, or press ? or * to list all spells.
Aiming: Dazzling Spray (safe; 1% risk of failure)
Press: ? - help, Shift-Dir - straight line, f/p - fire giant
Aim: a fire giant, wielding a great sword of flaming (black smoke, severely The spray of energy hits the fire giant.
The fire giant is severely wounded.
The fire giant hits you with a great sword of flaming!
* * * LOW HITPOINT WARNING * * *
The fire giant burns you!
* * * LOW HITPOINT WARNING * * *
The fire giant gestures at you while chanting.
The bolt of fire hits the fire giant.
The fire giant resists.
The bolt of fire misses you.
You feel much better.
The fire giant points at you and mumbles some strange words.
The fireball explodes!
The fireball engulfs you!
Ouch! That really hurt!
You die...

#
#..###$#..≈###§##§§.#
# ##.#A#$#..≈
#§####'# ###
#..###$#.m≈e##§#§.§§#
'.#
#.##..$#..≈##§^^§.§.§
#.# #..#+###
#..§.§.... #§# ##...#
##.§§§.§§.. #.# ###.#
#..§.§§§.§. #§# #.#
#.....§..§§ §§# #@#
##........^ #.#
####C# #.........
#.### ###C§§C#
##........
§§#$[?#####...####
##.(.[..#
###?....C...###
########
#?($..CC#####
#(%....## #!....#
#$$$$$


You could see 2 fire giants.

Vanquished Creatures
  A golden dragon (D)
  A shadow dragon (D)
  2 fire giants (D)
  A hydra (D)
  2 centaur warriors (D)
  Sonja (D)
  7 unseen horrors (D)
  A deep troll (D)
  A lindwurm (D)
  An oklob plant (D)
  2 kobold demonologists (D)
  4 demonic crawlers (D)
  A slime creature (D)
  A hornet (D)
  Sigmund (D)
  2 redbacks (D)
  A yak (D)
  13 hogs (D)
  3 floating eyes (D)
  7 necrophages (D)
  An ogre (D)
  8 jellies (D)
  Ijyb (D)
  2 ballistomycetes (D)
  A ballistomycete spore (D)
66 creatures vanquished.

Vanquished Creatures (others)
  4 hornets (D)
  A ballistomycete spore (D)
5 creatures vanquished.

Grand Total: 71 creatures vanquished

Notes
Turn   | Place    | Note
-------+----------+-------------------------------------------
     0 | D        | Groucho the Spriggan Enchanter began the quest for the Orb.
     0 | D        | Reached XP level 1. HP: 9/9 MP: 5/5
     2 | D        | Noticed Ijyb
     7 | D        | Killed Ijyb
     7 | D        | Reached skill level 7 in Stealth
     7 | D        | Reached skill level 5 in Hexes
     7 | D        | Reached XP level 2. HP: 13/13 MP: 6/8
   160 | D        | Noticed an ogre
   162 | D        | Killed an ogre
   162 | D        | Reached skill level 10 in Stealth
   162 | D        | Reached XP level 3. HP: 16/16 MP: 8/11
   162 | D        | Reached XP level 4. HP: 21/21 MP: 9/13
   195 | D        | Noticed Sigmund
   197 | D        | Killed Sigmund
   197 | D        | Reached skill level 13 in Stealth
   197 | D        | Reached XP level 5. HP: 24/24 MP: 13/16
   197 | D        | Reached XP level 6. HP: 28/28 MP: 14/18
   211 | D        | Found a deep blue altar of Sif Muna.
   212 | D        | Found an ornate altar of the Wu Jian Council.
   213 | D        | Found a radiant altar of Vehumet.
   217 | D        | Reached skill level 14 in Stealth
   234 | D        | Learned a level 2 spell: Ensorcelled Hibernation
   238 | D        | Learned a level 3 spell: Confuse
   242 | D        | Learned a level 3 spell: Dazzling Spray
   246 | D        | Learned a level 3 spell: Tukima's Dance
   301 | D        | Found Fireom's Jewellery Emporium.
   301 | D        | Found an ancient bone altar of Kikubaaqudgha.
   301 | D        | Found a hazy altar of Hepliaklqana.
   301 | D        | Found a stormy altar of Qazlal.
   301 | D        | Found a hide-covered altar of Uskayaw.
   301 | D        | Found a blossoming altar of Fedhas.
   301 | D        | Found a bloodstained altar of Trog.
   301 | D        | Found an iron altar of Okawaru.
   301 | D        | Found a basalt altar of Yredelemnul.
   301 | D        | Found a glowing golden altar of the Shining One.
   301 | D        | Found a snail-covered altar of Cheibriados.
   301 | D        | Found a sacrificial altar of Ru.
   301 | D        | Found a glowing silver altar of Zin.
   301 | D        | Found a shadowy altar of Dithmenos.
   301 | D        | Found a white marble altar of Elyvilon.
   301 | D        | Noticed a yak
   302 | D        | Found an opulent altar of Gozag.
   303 | D        | Killed a yak
   303 | D        | Reached skill level 15 in Stealth
   304 | D        | Found a sparkling altar of Nemelex Xobeh.
   344 | D        | Became a worshipper of Dithmenos the Shadowed
   374 | D        | Noticed a centaur warrior
   389 | D        | Noticed a centaur warrior
   390 | D        | Killed a centaur warrior
   390 | D        | Reached skill level 18 in Stealth
   390 | D        | Reached skill level 10 in Spellcasting
   390 | D        | Reached XP level 7. HP: 32/32 MP: 20/22
   390 | D        | Reached XP level 8. HP: 36/36 MP: 20/23
   391 | D        | Killed a centaur warrior
   391 | D        | Reached skill level 19 in Stealth
   532 | D        | Noticed a hornet
   535 | D        | Killed a hornet
   535 | D        | Reached * piety under Dithmenos
   535 | D        | Reached skill level 1 in Fighting
   545 | D        | Noticed an oklob plant
   547 | D        | Killed an oklob plant
   547 | D        | Reached skill level 5 in Dodging
   547 | D        | Reached skill level 20 in Stealth
   547 | D        | Reached XP level 9. HP: 43/43 MP: 26/26
   557 | D        | Reached ** piety under Dithmenos
   588 | D        | Noticed an unseen horror
   589 | D        | Noticed an unseen horror
   595 | D        | Killed an unseen horror
   595 | D        | Reached skill level 5 in Short Blades
   597 | D        | Killed an unseen horror
   601 | D        | Reached *** piety under Dithmenos
   628 | D        | Reached **** piety under Dithmenos
   628 | D        | Reached XP level 10. HP: 51/51 MP: 24/27
   659 | D        | Reached ***** piety under Dithmenos
   659 | D        | Reached skill level 5 in Fighting
   952 | D        | Found Xoyturi's Weapon Shoppe.
   952 | D        | Found Takhloa's Assorted Antiques.
   952 | D        | Found Seuxeot's Magic Scroll Boutique.
   954 | D        | Found Giguruar's Armour Emporium.
   954 | D        | Found Visumos's Magic Scroll Shop.
   954 | D        | Found Tiepti's Book Shoppe.
   954 | D        | Found Wubribal's Weapon Boutique.
   954 | D        | Found Jut Uxag's Food Emporium.
   954 | D        | Found Nurph's Antique Armour Shop.
   954 | D        | Found Nicsarru's Gadget Shoppe.
   958 | D        | Found Lint's Book Boutique.
   959 | D        | Found Hoamoez's Antique Weapon Emporium.
   959 | D        | Found Cathynki's Antique Armour Boutique.
   962 | D        | Found Vihyetug's Magic Scroll Emporium.
   970 | D        | Bought a transparent robe for 136 gold pieces
   981 | D        | Identified the cursed +0 robe "Xawopima" {MR+} (You bought
                  | it in a shop in the Dungeon)
  1037 | D        | Noticed a deep troll
  1039 | D        | Killed a deep troll
  1039 | D        | Reached skill level 10 in Dodging
  1051 | D        | Found Pucouh's Armour Emporium.
  1061 | D        | Bought a +0 cloak for 63 gold pieces
  1073 | D        | Noticed Sonja
  1076 | D        | Killed Sonja
  1096 | D        | Found Eqaedyeq's Magic Scroll Boutique.
  1203 | D        | Found a burning altar of Makhleb.
  1203 | D        | Found a shimmering altar of Xom.
  1204 | D        | Found a viscous altar of Jiyva.
  1204 | D        | Found a corrupted altar of Lugonu.
  1235 | D        | Reached ****** piety under Dithmenos
  1246 | D        | Reached skill level 15 in Hexes
  1264 | D        | Noticed a lindwurm
  1266 | D        | Killed a lindwurm
  1266 | D        | Reached XP level 11. HP: 48/57 MP: 17/29
  1308 | D        | Reached skill level 10 in Short Blades
  1492 | D        | Noticed a 12-headed hydra
  1494 | D        | Killed a 12-headed hydra
  1572 | D        | Bought the cursed +0 long sword of Tenacity {vamp, Fragile
                  | rF+ Int+4} for 315 gold pieces
  1701 | D        | Bought a scroll of remove curse for 42 gold pieces
  1770 | D        | Noticed a deep elf annihilator
  1830 | D        | Noticed a shadow dragon
  1830 | D        | Noticed a golden dragon
  1833 | D        | Killed a shadow dragon
  1835 | D        | Killed a golden dragon
  1835 | D        | Reached skill level 10 in Fighting
  1913 | D        | Found Zotoor's Book Shoppe.
  1931 | D        | Bought a book of Changes for 350 gold pieces
  1936 | D        | Learned a level 1 spell: Beastly Appendage
  1940 | D        | Learned a level 3 spell: Spider Form
  1945 | D        | Learned a level 4 spell: Ice Form
  2539 | D        | Bought a book of Burglary for 750 gold pieces
  2542 | D        | Learned a level 2 spell: Passwall
  2549 | D        | Learned a level 6 spell: Invisibility
  2654 | D        | Noticed a daeva
  2658 | D        | Noticed an unseen horror
  2658 | D        | Noticed an unseen horror
  2658 | D        | Noticed an unseen horror
  2658 | D        | Noticed an unseen horror
  2660 | D        | Killed an unseen horror
  2660 | D        | Reached XP level 12. HP: 67/67 MP: 25/31
  2667 | D        | Reached skill level 5 in Transmutations
  3051 | D        | Noticed a fire giant
  3052 | D        | Noticed a fire giant
  3052 | D        | Noticed a fire giant
  3052 | D        | Noticed a fire giant
  3075 | D        | Killed a fire giant
  3084 | D        | Killed a fire giant
  3093 | D        | Killed from afar by a fire giant

Skill      XL: |  1  2  3  4  5  6  7  8  9 10 11 12 |
---------------+-------------------------------------+-----
Stealth        | 7 10 13 18 20 | 20.8
Spellcasting   | 4 6 8 10 12 13 14 | 14.0
Hexes          | 5 6 8 11 12 13 15 | 15.8
Fighting       | 2 4 7 10 11 | 11.2
Short Blades   | 3 6 9 12 13 | 13.2
Dodging        | 5 8 12 16 17 | 17.8
Transmutations | 2 7 |  7.2

Action                   |  1- 3 |  4- 6 |  7- 9 | 10-12 || total
-------------------------+-------+-------+-------+-------++-------
Melee: Dagger            |     4 |     4 |    13 |   143 ||   164
 Cast: Ensorcelled Hiber |       |       |     2 |    14 ||    16
       Confuse           |       |       |       |    18 ||    18
       Dazzling Spray    |       |       |       |    11 ||    11
       Invisibility      |       |       |       |     1 ||     1
       Spider Form       |       |       |       |     1 ||     1
       Passwall          |       |       |       |     1 ||     1
Invok: Shadow Step       |       |       |       |     1 ||     1
  Use: Potion            |     1 |       |       |     2 ||     3
       Scroll            |       |     1 |       |     3 ||     4
 Stab: Sleeping          |     2 |     4 |    13 |    34 ||    53
       Confused          |       |       |       |     6 ||     6
       Invisible         |       |       |       |     3 ||     3
  Eat: Ration            |       |       |       |     3 ||     3
Armor: Robe              |     1 |       |       |       ||     1
Dodge: Dodged            |     1 |       |     2 |    84 ||    87
